 Dungeon Crawl Stone Soup version 0.25-a0-287-g56a5b49892 (webtiles) character file.

Game seed: 7890199067774522327, levelgen mode: deterministic

240 Anathary the Skirmisher (level 5, 0/50 HPs)
             Began as a Minotaur Berserker on Dec 12, 2019.
             Was a Believer of Trog.
             Slain by Grinder (7 damage)
             ... while paralysed by Grinder
             ... on level 3 of the Dungeon.
             The game lasted 00:07:59 (1770 turns).

Anathary the Skirmisher (Minotaur Berserker)        Turns: 1770, Time: 00:07:59

Health: 0/50       AC:  2    Str: 22    XL:     5   Next: 79%
Magic:  4/4        EV:  2    Int:  4    God:    Trog [**....]
Gold:   79         SH:  0    Dex: 10    Spells: 4/4 levels left

rFire    + . .     SeeInvis .   f - +2 short sword (venom)
rCold    . . .     Gourm    .   (no shield)
rNeg     . . .     Faith    .   b - +0 animal skin
rPois    .         Spirit   .   (helmet restricted)
rElec    .         Reflect  .   (no cloak)
rCorr    .         Harm     .   (no gloves)
MR       .....                  (no boots)
Stlth    +.........             (no amulet)
HPRegen  0.16/turn              g - ring of protection from fire
MPRegen  0.09/turn              (no ring)

@: paralysed
A: retaliatory headbutt, horns 2
a: Berserk, Trog's Hand, Renounce Religion


You were on level 3 of the Dungeon.
You worshipped Trog.
Trog was pleased with you.
You were not hungry.

You visited 1 branch of the dungeon, and saw 3 of its levels.

You collected 79 gold pieces.

Inventory:

Hand Weapons
 a - a +0 falchion
 f - a +2 short sword of venom (weapon)
Armour
 b - a +0 animal skin (worn)
Jewellery
 g - a ring of protection from fire (left hand)
Scrolls
 d - a scroll of fog {unknown}
 h - a scroll of teleportation {unknown}
 k - 3 scrolls of identify {unknown}
 m - 2 scrolls of enchant armour {unknown}
Potions
 e - a potion of brilliance {unknown}
 i - a potion of mutation {unknown}
 j - a potion of berserk rage {unknown}
 l - a potion of degeneration {unknown}
 n - a potion of magic {unknown}
 o - 2 potions of lignification {unknown}
Comestibles
 c - 4 rations


   Skills:
 + Level 5.7 Fighting
 + Level 2.6(3.6) Short Blades
 - Level 4.1(4.6) Long Blades
 + Level 3.1 Armour
 + Level 3.5 Dodging
 + Level 0.6 Stealth


You had 4 spell levels left.
You didn't know any spells.
Your spell library was empty.

Dungeon Overview and Level Annotations

Branches:
Dungeon (3/15)

Altars:
Ashenzari
Kikubaaqudgha

Annotations:
D:3 Grinder


Innate Abilities, Weirdness & Mutations

You reflexively headbutt those who attack you in melee.
You have a pair of horns on your head.


Message History

You kill the rat!
Trog accepts your kill.
Found a leather armour.
Found a rapier.
Found a stone staircase leading down.
Grinder comes into view.
Grinder shouts!
Grinder gestures at you. Pain shoots through your body!
Found a bubbling cyan potion.
Grinder gestures at you.
You suddenly lose the ability to move!
Grinder hits you! Grinder hits you.
You writhe in agony.
Grinder hits you!
You writhe in agony.
Grinder hits you!
* * * LOW HITPOINT WARNING * * *
You writhe in agony.
* * * LOW HITPOINT WARNING * * *
Grinder hits you!
You die...

#.#................
##.#####.###.#......
#..# #.....#...... #.##
###.######... #.# #.#
#..... #.##### #
###.##..†
########.#..!####.##.
###)
.........#...........
#.
#######...@5..)..###.##
##.
##.##..########.###..
.... ..######........
###...........<#######
#####.######## .# .. ..


You could see Grinder.

Vanquished Creatures
  A sky beast (D:2)
  Natasha (thrice) (D:2)
  3 adders (D:2)
  A worm (D:2)
  4 bats
  3 giant cockroaches
  6 goblins
  5 hobgoblins
  3 frilled lizards
  7 kobolds
  13 rats
49 creatures vanquished.

Notes
Turn   | Place    | Note
-------+----------+-------------------------------------------
     0 | D:1      | Anathary the Minotaur Berserker began the quest for the
                  | Orb.
     0 | D:1      | Reached XP level 1. HP: 19/19 MP: 0/0
   141 | D:1      | Reached XP level 2. HP: 27/27 MP: 1/1
   183 | D:1      | Reached skill level 4 in Fighting
   300 | D:1      | Reached ** piety under Trog
   738 | D:2      | Noticed a sky beast
   743 | D:2      | Killed a sky beast
   743 | D:2      | Reached skill level 5 in Fighting
   743 | D:2      | Reached skill level 1 in Short Blades
   743 | D:2      | Reached XP level 3. HP: 27/36 MP: 2/2
   743 | D:2      | Reached XP level 4. HP: 32/42 MP: 3/3
   931 | D:2      | Found an ancient bone altar of Kikubaaqudgha.
  1025 | D:2      | Found a shattered altar of Ashenzari.
  1035 | D:2      | Noticed Natasha
  1039 | D:2      | Killed Natasha
  1039 | D:2      | Reached XP level 5. HP: 39/48 MP: 4/4
  1196 | D:2      | Noticed Natasha
  1202 | D:2      | Killed Natasha
  1621 | D:2      | Noticed Natasha
  1627 | D:2      | Killed Natasha
  1736 | D:3      | Found a shattered altar of Ashenzari.
  1763 | D:3      | Noticed Grinder
  1765 | D:3      | Paralysed by Grinder for 7 turns
  1770 | D:3      | Slain by Grinder

Levels and vault maps discovered:
D:1:      elethiomel_arrival_infinity_welcomes_careful_drivers, layout_rooms
D:2:      layout_loops_ring, ashenzari_conservatory_becter,
          kiku_gazebo_pond_becter, uniq_natasha
D:3:      layout_loops_ring, cheibrodos_ashenzari_chains, uniq_sigmund,
          uniq_grinder, uniq_crazy_yiuf_cottage

Skill      XL: |  1  2  3  4  5 |
---------------+----------------+-----
Long Blades    | 4 |  4.1
Fighting       | 5 |  5.7
Short Blades   | 1 2 |  2.6
Dodging        | 3 |  3.5
Armour         | 3 |  3.1
Stealth        | |  0.6

Action                   |  1- 3 |  4- 6 || total
-------------------------+-------+-------++-------
Melee: Falchion          |    20 |       ||    20
       Headbutt          |     8 |     9 ||    17
       Short sword       |    19 |    33 ||    52
 Stab: Sleeping          |       |     1 ||     1
  Eat: Ration            |       |     1 ||     1
Armor: Animal skin       |     7 |     1 ||     8
Dodge: Dodged            |    33 |    20 ||    53
       Rpst.: Falchion   |     4 |       ||     4

Table legend:
 A = Non-vault XP
 B = Vault XP
 C = Vault XP percentage of total XP
 D = Non-vault monster count
 E = Vault monster count
 F = Vault count percentage of total count
                 A         B        C        D         E       F
            +---------+---------+-------+---------+---------+-------
      Total |     308 |      35 |  10.2 |      48 |       1 |   2.0
            +---------+---------+-------+---------+---------+-------
        D:1 |      35 |       0 |   0.0 |      25 |       0 |   0.0
        D:2 |     267 |      35 |  11.6 |      19 |       1 |   5.0
        D:3 |       6 |       0 |   0.0 |       4 |       0 |   0.0
            +---------+---------+-------+---------+---------+-------
